 Dungeon Sprint DCSS version 0.30.1-11-g7821555f0a (webtiles) character file.

Game seed: 13045983926399191554

14330 Heoruswealwe the Phalangite (level 11, -1/119 HPs)
             Began as a Minotaur Fighter on Oct 31, 2023.
             Was an Initiate of Gozag.
             Killed by divine providence
             ... invoked by an orc priest
              (9 damage)
             ... in the Dungeon (Sprint IX: "|||||||||||||||||||||||||||||").
             The game lasted 00:12:27 (1565 turns).

Heoruswealwe the Phalangite (Minotaur Fighter)      Turns: 1565, Time: 00:12:28

Health: -1/119     AC: 22    Str: 28    XL:     11   Next: 87%
Magic:  10/10      EV: 10    Int:  5    God:    Gozag
Gold:   6357       SH:  0    Dex: 10    Spells: 10/10 levels left

rFire   . . .        b - +2 halberd (protect)
rCold   . . .        (shield currently unavailable)
rNeg    + . .        c - +0 plate armour {rN+}
rPois   .            (helmet restricted)
rElec   .            h - +0 cloak
rCorr   .            f - +0 pair of gloves
SInv    .            e - +0 pair of boots
Will    .....        (no amulet) Stlth
                     k - +2 ring of evasion
HPRegen 0.39/turn    j - +3 ring of strength
MPRegen 0.12/turn

%: no teleportation
@: corroded, under a protective aura, hasted, very quick
A: horns 2, retaliatory headbutt
a: Renounce Religion, Potion Petition, Call Merchant, Bribe Branch


You were in the Dungeon.
You worshipped Gozag.
Gozag was greatly pleased with you.
You visited 1 branch You collected 6357 gold pieces.

Inventory:

Hand Weapons
 a - a +0 trident
 b - a +2 halberd of protection (weapon)
 n - a +0 glaive
Armour
 c - a +0 plate armour of positive energy (worn)
 d - a +0 kite shield
 e - a +0 pair of boots (worn)
 f - a +0 pair of gloves (worn)
 h - a +0 cloak (worn)
Jewellery
 j - a +3 ring of strength (right hand)
 k - a +2 ring of evasion (left hand)
Wands
 m - a wand of iceblast (10)
Scrolls
 o - 3 scrolls of blinking
 s - a scroll of identify
 t - 4 scrolls of enchant armour
Potions
 p - a potion of resistance
 r - a potion of ambrosia
Miscellaneous
 q - a piece from Xom's chessboard (15/15)


   Skills:
 + Level 18.3 Fighting
 * Level 24.5 Polearms
 + Level 18.3 Armour
 - Level 3.6 Shields


You had 10 spell levels left.
You didn't know any spells.
Your spell library was empty.

Dungeon Overview and Level Annotations

Branches:
Dungeon (1/1)

Altars:
Cheibriados
Dithmenos
Elyvilon
Fedhas
Gozag
Hepliaklqana
Kikubaaqudgha
Makhleb
Nemelex Xobeh
Okawaru
Qazlal
Ru
Sif Muna
Trog
Uskayaw
Vehumet
Wu Jian
Xom
Yredelemnul
Zin
The Shining One
Jiyva
Lugonu

Shops:
D !!!(


Innate Abilities, Weirdness & Mutations

You have a pair of horns on your head.
You reflexively headbutt those who attack you in melee.


Message History

You slice the orc high priest!!
The orc high priest is almost dead.
The hellwing barely misses you. The hellwing misses you.
You hit the orc high priest but do no damage.
Your headbutt misses the orc high priest.
The orc high priest is almost dead.
The orc high priest is no longer distracted by gold.
The orc high priest calls down the wrath of Beogh upon you.
Pain shoots through your body!
* * * LOW HITPOINT WARNING * * *
The hellwing is distracted by your dazzling golden aura.
The ice devil is distracted by your dazzling golden aura.
The hellwing gives a chilling moan.
You slice the orc high priest!!
You kill the orc high priest!
The ice devil disappears in a puff of smoke!
The hellwing disappears in a puff of smoke!
The orc high priest mumbles some strange prayers.
The orc high priest prays to Beogh.
The orc high priest mumbles some strange prayers to Beogh.
You hear a shout!
You feel better.
The orc high priest mumbles some strange prayers to Beogh.
You feel yourself speed up.
The orc high priest calls down the wrath of Beogh upon you.
Beogh smites you!
* * * LOW HITPOINT WARNING * * *
The orc high priest utters an invocation to Beogh.
The soul eater barely misses you.
You completely miss the soul eater. You impale the soul eater!!
The soul eater is moderately wounded.
The orc high priest prays to Beogh.
The orc high priest calls down the wrath of Beogh upon you.
Beogh smites you!
* * * LOW HITPOINT WARNING * * *
The orc priest mumbles some strange prayers to Beogh against you.
Beogh smites you!
You die...
Your body crumbles into a pile of gold.

▓.▓.▓.▓.▓_▓
▓.▓.▓.▓.▓_▓
▓$▓.▓.▓.▓_▓
▓$▓.▓'▓.▓'▓
▓$▓.▓.▓.▓!▓
▓$▓.▓.▓.▓?▓
▓$▓.▓.▓.▓)▓
▓$▓.▓.▓.▓[▓
▓@▓.▓.▓.▓.▓
▓3▓.▓.▓.▓.▓
▓4▓.▓.▓.▓.▓
▓3▓.▓.▓.▓.▓
▓o▓.▓.▓.▓.▓
▓o▓.▓?▓.▓'▓
▓4▓.▓.▓.▓[▓
▓o▓.▓.▓.▓)▓
$▓.▓'▓.▓[▓


You could see a soul eater (summoned), 2 orc high priests, an orange demon
(summoned), a sixfirhy (summoned), a red devil (summoned) and an orc priest.

Vanquished Creatures
  2 hydras (D)
  2 centaur warriors (D)
  A death yak (D)
  6 orc high priests (D)
  4 lindwurms (D)
  2 orc knights (D)
  A cyclops (D)
  A gargoyle (D)
  2 cane toads (D)
  2 komodo dragons (D)
  A wyvern (D)
  5 yaks (D)
  2 wraiths (D)
  A vampire mosquito (D)
  4 water moccasins (D)
  12 orc warriors (D)
  2 centaurs (D)
  A phantom (D)
  2 bullfrogs (D)
  A gnoll sergeant (D)
  9 orc priests (D)
  4 orc wizards (D)
  4 worms (D)
  5 orcs (D)
  2 bats (D)
  A giant cockroach (D)
  A goblin (D)
  A jackal (D)
  A kobold (D)
82 creatures vanquished.

Notes
Turn   | Place    | Note
-------+----------+-------------------------------------------
     0 | D        | Heoruswealwe the Minotaur Fighter began the quest for the
                  | Orb.
     0 | D        | Reached XP level 1. HP: 19/19 MP: 0/0
    13 | D        | Reached skill level 3 in Polearms
    27 | D        | Noticed a phantom
    27 | D        | Noticed a centaur
    39 | D        | Killed a phantom
    40 | D        | Reached skill level 7 in Polearms
    40 | D        | Reached XP level 2. HP: 24/30 MP: 1/1
    40 | D        | Reached XP level 3. HP: 30/37 MP: 2/2
    40 | D        | Reached XP level 4. HP: 35/44 MP: 3/3
    45 | D        | Killed a centaur
    46 | D        | Reached skill level 9 in Polearms
    46 | D        | Reached XP level 5. HP: 41/52 MP: 4/4
    57 | D        | Found a snail-covered altar of Cheibriados.
    57 | D        | Found a shadowy altar of Dithmenos.
    57 | D        | Found a white marble altar of Elyvilon.
    57 | D        | Found a blossoming altar of Fedhas.
    57 | D        | Found an opulent altar of Gozag.
    58 | D        | Found a hazy altar of Hepliaklqana.
    59 | D        | Found a viscous altar of Jiyva.
    60 | D        | Found an ancient bone altar of Kikubaaqudgha.
    61 | D        | Found a corrupted altar of Lugonu.
    62 | D        | Found a burning altar of Makhleb.
    63 | D        | Found a sparkling altar of Nemelex Xobeh.
    64 | D        | Found an iron altar of Okawaru.
    65 | D        | Became a worshipper of Gozag Ym Sagoz the Greedy
    66 | D        | Found a stormy altar of Qazlal.
    67 | D        | Found a sacrificial altar of Ru.
    68 | D        | Found a shimmering blue altar of Sif Muna.
    69 | D        | Found a bloodstained altar of Trog.
    70 | D        | Found a hide-covered altar of Uskayaw.
    71 | D        | Found a radiant altar of Vehumet.
    72 | D        | Found an ornate altar of the Wu Jian Council.
    73 | D        | Found a shimmering altar of Xom.
    74 | D        | Found a basalt altar of Yredelemnul.
    75 | D        | Found a glowing silver altar of Zin.
    76 | D        | Found a glowing golden altar of the Shining One.
   125 | D        | Noticed a yak
   125 | D        | Noticed an orc warrior
   125 | D        | Noticed a centaur
   125 | D        | Noticed a vampire mosquito
   125 | D        | Noticed an orc warrior
   130 | D        | Killed a yak
   131 | D        | Reached skill level 11 in Polearms
   131 | D        | Reached XP level 6. HP: 37/62 MP: 5/5
   136 | D        | Killed an orc warrior
   137 | D        | Reached skill level 12 in Polearms
   146 | D        | Killed a vampire mosquito
   147 | D        | Reached skill level 10 in Fighting
   147 | D        | Reached skill level 13 in Polearms
   147 | D        | Reached skill level 10 in Armour
   147 | D        | Reached XP level 7. HP: 16/72 MP: 6/6
   153 | D        | Reached skill level 14 in Polearms
   240 | D        | Noticed a wraith
   240 | D        | Noticed a wraith
   240 | D        | Noticed a centaur warrior
   240 | D        | Noticed a gargoyle
   240 | D        | Noticed a centaur warrior
   240 | D        | Noticed a cyclops
   247 | D        | Killed a wraith
   252 | D        | Killed a wraith
   253 | D        | Reached XP level 8. HP: 82/82 MP: 7/7
   264 | D        | Killed a centaur warrior
   265 | D        | Reached skill level 16 in Polearms
   273 | D        | Killed a gargoyle
   278 | D        | Killed a centaur warrior
   279 | D        | Reached skill level 17 in Polearms
   279 | D        | Reached XP level 9. HP: 26/93 MP: 8/8
   286 | D        | Killed a cyclops
   287 | D        | Reached skill level 18 in Polearms
   495 | D        | Noticed a cane toad
   515 | D        | Reached skill level 19 in Polearms
   520 | D        | Killed a cane toad
   521 | D        | Reached XP level 10. HP: 76/104 MP: 9/9
   542 | D        | Noticed a death yak
   542 | D        | Noticed a cane toad
   542 | D        | Noticed a five-headed hydra
   545 | D        | Killed a death yak
   554 | D        | Killed a cane toad
   555 | D        | Reached skill level 15 in Fighting
   555 | D        | Reached skill level 20 in Polearms
   555 | D        | Reached skill level 15 in Armour
   563 | D        | Killed an 11-headed hydra
   576 | D        | Noticed a five-headed hydra
   583 | D        | Reached skill level 21 in Polearms
   591 | D        | HP: 4/107 [nine-headed hydra (2)]
   593 | D        | Killed a ten-headed hydra
   894 | D        | Noticed a lindwurm
   894 | D        | Noticed a lindwurm
   894 | D        | Noticed a lindwurm
   896 | D        | Noticed a lindwurm
   907 | D        | Killed a lindwurm
   914 | D        | Killed a lindwurm
   915 | D        | Reached XP level 11. HP: 110/115 MP: 10/10
   920 | D        | Killed a lindwurm
   921 | D        | Reached skill level 22 in Polearms
   925 | D        | Killed a lindwurm
  1093 | D        | Noticed an orc high priest
  1093 | D        | Noticed an orc knight
  1102 | D        | Killed an orc high priest
  1110 | D        | Killed an orc knight
  1374 | D        | Reached skill level 23 in Polearms
  1376 | D        | Noticed an orc knight
  1395 | D        | Killed an orc knight
  1490 | D        | Found Yhoiqah's Distillery.
  1490 | D        | Noticed an orc high priest
  1490 | D        | Noticed an orc high priest
  1490 | D        | Noticed an orc high priest
  1498 | D        | Killed an orc high priest
  1500 | D        | Noticed an orc high priest
  1507 | D        | Noticed a sun demon
  1514 | D        | Found Ycoser's Distillery.
  1531 | D        | Killed an orc high priest
  1537 | D        | Killed an orc high priest
  1538 | D        | Reached skill level 24 in Polearms
  1539 | D        | Found Wicodouc's Distillery.
  1540 | D        | Noticed an orc high priest
  1545 | D        | HP: 5/119 [orc high priest/divine providence (11)]
  1551 | D        | Killed an orc high priest
  1553 | D        | Found Qudghicku's Antique Weapon Shoppe.
  1553 | D        | HP: 1/119 [orc high priest/divine providence (15)]
  1553 | D        | Noticed an orc high priest
  1558 | D        | Noticed an orc high priest
  1561 | D        | Killed an orc high priest
  1562 | D        | Noticed a soul eater
  1563 | D        | Noticed a sixfirhy
  1565 | D        | Killed from afar by an orc priest

Illustrated notes

Levels and vault maps discovered:
D:        linesprint [early_d, line_temple, items_1, d_10, items_2, lair_1,
          lair_end, items_3, orc_1, orc_end, items_4, d_15, swamp_1, shoals_1,
          snake_1, spider_1, d_20, vaults_1, items_5, swamp_end, shoals_end,
          snake_end, spider_end, vaults_end, d_27, items_6, zot_1, zot_end,
          crypt_end, forest_end, elf_end, slime_end, tomb_end, abyss_end,
          pan_hell_end]

Skill      XL: |  1  2  3  4  5  6  7  8  9 10 11 |
---------------+----------------------------------+-----
Polearms       | 7 9 11 13 14 17 19 21 24 | 24.5
Fighting       | 6 7 8 10 11 13 14 16 18 | 18.3
Armour         | 6 7 8 10 11 13 14 16 18 | 18.3
Shields        | |  3.6

Action                     |  1- 3 |  4- 6 |  7- 9 | 10-12 || total
---------------------------+-------+-------+-------+-------++-------
  Melee: Trident           |    28 |    11 |       |       ||    39
         Headbutt          |     2 |     6 |    15 |    51 ||    74
         Halberd           |       |    19 |    77 |   214 ||   310
    Use: Potion            |       |       |     1 |    16 ||    17
   Stab: Distracted        |       |       |       |     3 ||     3
 Armour: Scale mail        |    16 |    14 |     2 |       ||    32
         Plate armour      |       |       |    35 |   118 ||   153
  Dodge: Dodged            |    15 |    23 |    15 |    73 ||   126
  Block: Buckler           |     5 |     4 |       |       ||     9
